 Dungeon Crawl Stone Soup version 0.31-b1-22-gc680215f68 (webtiles) character file.

Game seed: 9729589400508597267

4491 Gabide the Spear-Bearer (level 10, -2/136 HPs)
             Began as a Grey Draconian Chaos Knight on Jan 18, 2024.
             Was a Plaything of Xom.
             Slain by a bullfrog (4 damage)
             ... on level 8 of the Dungeon.
             The game lasted 00:24:19 (7578 turns).

Gabide the Spear-Bearer (DrCK)                      Turns: 7578, Time: 00:24:19

Health: -2/136     AC: 14    Str: 22      XL:     10   Next: 16%
Magic:  10/10      EV: 13    Int: 12      God:    Xom [......]
Gold:   511        SH:  0    Dex: 16 (18) Spells: 9/9 levels left

rFire   . . .        b - +6 halberd "Yqimec" {venom, Str+2 Dex+2}
rCold   + . .        (shield currently unavailable)
rNeg    . . .        (body armour unavailable)
rPois   .            c - +1 hat
rElec   .            o - +0 cloak
rCorr   .            (no gloves)
SInv    .            (no boots)
Will    .....        y - amulet of regeneration Stlth
                     f - ring of protection from cold
HPRegen 1.22/turn    k - +6 ring of dexterity
MPRegen 0.12/turn

%: no passive effects
@: berserking (expiring), spiked, studying Maces & Flails, very quick
A: AC +12, amphibious, unfitting armour, cold-blooded, horns 1, robust 1,
MP-powered wands
a: Renounce Religion


You were on level 8 of the Dungeon.
You worshipped Xom.
You were a very special plaything of Xom.
You visited 2 branches of the dungeon, and saw 9 of its levels.
You also visited: Sewer.

You collected 511 gold pieces.

Inventory:

Hand Weapons
 a - a +1 spear of chaos
 b - the +6 halberd "Yqimec" (weapon) {venom, Str+2 Dex+2}
   (You took it off a gnoll on level 4 of the Dungeon)

   Str+2:     It affects your strength (+2).
   Dex+2:     It affects your dexterity (+2).
Missiles
 e - 3 throwing nets
 g - 6 boomerangs (quivered)
 x - a curare-tipped dart
Armour
 c - a +1 hat (worn)
 o - a +0 cloak (worn)
Jewellery
 f - a ring of protection from cold (left hand)
 k - a +6 ring of dexterity (right hand)
 l - an amulet of reflection
 m - a ring of positive energy
 y - an amulet of regeneration (around neck)
Wands
 j - a wand of acid (35)
 n - a wand of flame (54)
 r - a wand of polymorph (13)
Scrolls
 d - a scroll of immolation
 h - 3 scrolls of teleportation
 i - 2 scrolls of noise
 p - 2 scrolls of fear
Potions
 q - 2 potions of heal wounds
 s - a potion of mutation
 t - 3 potions of lignification
 u - a potion of haste
 v - 2 potions of curing
 w - a potion of enlightenment


   Skills:
 - Level 6.0 Fighting
 + Level 14.1 Polearms
 - Level 3.0 Dodging


You had 9 spell levels left.
You didn't know any spells.
Your spell library contained the following spells:

 Spells                   Type           Power      Damage    Failure   Level
 Apportation              Tloc           0%         N/A       32%         1
 Ensorcelled Hibernation  Hex/Ice        0%         N/A       45%         2
 Jinxbite                 Hex            0%         N/A       45%         2
 Sublimation of Blood     Necr           0%         N/A       45%         2
 Dazzling Flash           Conj/Hex       0%         N/A       69%         3
 Fugue of the Fallen      Necr           0%         N/A       69%         3
 Volatile Blastmotes      Fire/Tloc      0%         2d10      69%         3
 Anguish                  Hex/Necr       0%         N/A       97%         4
 Alistair's Intoxication  Alch           0%         N/A       100%        5
 Borgnjor's Vile Clutch   Necr/Erth      0%         N/A       100%        5
 Starburst                Conj/Fire      0%         6d3       100%        6
 Maxwell's Capacitive Co  Air            0%         ∞         100%        8


Dungeon Overview and Level Annotations

Branches:
Dungeon (8/15)             Temple (1/1) D:5           Sewer (visited)
   Lair: D:8-11

Altars:
Ashenzari
Cheibriados
Dithmenos
Elyvilon
Fedhas
Gozag
Makhleb
Okawaru
Qazlal
Ru
Sif Muna
Uskayaw
Wu Jian
Xom
Yredelemnul
Zin
The Shining One
Lugonu

Shops:
D:3 [   D:7 :

Portals:
Abyss: D:4


Innate Abilities, Weirdness & Mutations

Your dull iron-grey scales are very hard. (AC +12)
You are amphibious.
You cannot fit into any form of body armour.
You are cold-blooded and may be slowed by cold attacks.
You have a pair of small horns on your head.
You are robust. (+10% HP)
You expend magic power (3 MP) to strengthen your wands.


Message History

The quasit claws you but does no damage.
The quasit misses you.
Okay, then.
You puncture the ice beast!
The ice beast is poisoned.
You headbutt the ice beast.
The ice beast is heavily wounded.
You impale the ice beast!!
You kill the ice beast!
The bullfrog barely misses you. The quasit barely misses you.
The quasit claws you but does no damage. x2
The orc hits you but does no damage.
The quasit bites you but does no damage.
The quasit closely misses you. The quasit barely misses you.
Something hits you but does no damage.
You miss the quasit.
Your tail-slap misses the quasit.
The bullfrog hits you.
* * * LOW HITPOINT WARNING * * *
The quasit closely misses you.
The quasit claws you but does no damage. x2
The quasit bites you but does no damage.
The quasit closely misses you. The quasit misses you.
Something barely misses you. The orc hits you but does no damage.
Unknown command.
You closely miss the quasit. The bullfrog closely misses you.
Unknown command.
You impale the quasit!!
You kill the quasit!
The quasit disappears in a puff of smoke!
The quasit bites you but does no damage.
The quasit claws you but does no damage.
The quasit misses you. The bullfrog hits you.
* * * LOW HITPOINT WARNING * * *
The orc hits you but does no damage. Something hits you but does no damage.
You slice the quasit!!
You kill the quasit!
The quasit disappears in a puff of smoke!
You impale the orc!!
You kill the orc!
Your butterfly disappears in a puff of smoke!
The bullfrog hits you.
You die...

....#...##.##...../
...#).).#........### #
####........)....#.##.
.##...................
####.........§.!...# .
#................#
.....>............##
...#####.........)#.##
... ##.....§§@....# ..
.........bF......
......b...[.{..)..
..................
......b..$........
..............#..
.............. .
..............


You could see a bullfrog.

Vanquished Creatures
  The ghost of Name63 the Shooter, a novice MiHu (D:4)
  Sigmund (D:4)
  3 yaks
  A steam dragon (D:8)
  Edmund (D:4)
  2 water moccasins (D:7)
  2 orc warriors
  An ice beast (D:8)
  Pargi (Sewer)
  3 black bears
  A centaur (D:6)
  2 ogres
  2 phantoms (D:6)
  A kobold brigand (D:6)
  Blork the orc (D:4)
  A brain worm (Sewer)
  5 bullfrogs
  6 scorpions
  Dowan (D:3)
  A howler monkey (D:6)
  2 bombardier beetles
  3 jellies
  2 gnoll boudas
  7 orc priests
  Crazy Yiuf (D:6)
  A sleepcap (D:4)
  5 iguanas
  3 orc wizards
  Robin (D:4)
  12 gnolls
  A river rat (D:5)
  7 adders
  3 white imps
  2 ufetubi (D:6)
  4 dart slugs
  4 ribbon worms
  21 orcs
  10 ball pythons
  4 endoplasms (D:1)
  6 giant cockroaches
  6 hobgoblins
  8 jackals
  10 kobolds
  3 quokkas
  6 bats
  2 frilled lizards
  10 goblins
  6 rats
  2 lurking horrors (D:4)
189 creatures vanquished.

Vanquished Creatures (collateral kills)
  Duvessa (D:3)
1 creature vanquished.

Grand Total: 190 creatures vanquished

Notes
Turn   | Place    | Note
-------+----------+-------------------------------------------
     0 | D:1      | Gabide the Draconian Chaos Knight began the quest for the
                  | Orb.
     0 | D:1      | Reached XP level 1. HP: 19/19 MP: 1/1
    32 | D:1      | XOM: divination: magic mapping
   207 | D:1      | Reached XP level 2. HP: 23/26 MP: 2/2
   218 | D:1      | XOM: noise
   278 | D:1      | Identified the +4 war axe "Ucuceeph" {freeze, Str+3 Int+3}
                  | (Xom gifted it to you on level 1 of the Dungeon)
   278 | D:1      | XOM: god gift: +4 war axe "Ucuceeph" {freeze, Str+3 Int+3}
   747 | D:2      | Reached XP level 3. HP: 30/33 MP: 3/3
   877 | D:2      | XOM: cloud trail
  1127 | D:2      | XOM: give mutations
  1127 | D:2      | Gained mutation: You have an increased reservoir of magic.
                  | (+10% MP) [Xom's grace]
  1127 | D:2      | Gained mutation: You have a pair of small horns on your
                  | head. [Xom's grace]
  1127 | D:2      | Gained mutation: You expend magic power (3 MP) to
                  | strengthen your wands. [Xom's grace]
  1186 | D:2      | XOM: confuse monster(s)
  1198 | D:2      | Reached skill level 4 in Polearms
  1203 | D:2      | Reached XP level 4. HP: 36/40 MP: 4/4
  1233 | D:2      | XOM: scenery: 1 doors open
  1800 | D:3      | XOM: scenery: 1 doors close
  1982 | D:3      | Found Ygoanos's Antique Armour Emporium.
  2222 | D:3      | Reached XP level 5. HP: 46/46 MP: 5/5
  2334 | D:3      | XOM: cloud trail
  2541 | D:3      | XOM: give mutation
  2541 | D:3      | Gained mutation: You are robust. (+10% HP) [Xom's grace]
  2691 | D:4      | Noticed Blork the orc
  2725 | D:4      | XOM: fog
  2732 | D:4      | Killed Blork the orc
  2733 | D:4      | Reached skill level 5 in Polearms
  2740 | D:4      | Noticed an orc warrior
  2800 | D:4      | Noticed Duvessa
  2800 | D:4      | Noticed Dowan
  2801 | D:4      | XOM: scenery: 2 doors open
  2803 | D:3      | XOM: divination: detect items
  2860 | D:4      | XOM: smoke on damage
  2862 | D:4      | XOM: scenery: 2 doors close
  2865 | D:3      | XOM: summons 2 friendly demons
  2867 | D:3      | Killed Duvessa
  2868 | D:3      | Reached skill level 5 in Fighting
  2868 | D:3      | Reached XP level 6. HP: 40/61 MP: 6/6
  2871 | D:3      | Killed Dowan
  2872 | D:3      | Reached skill level 6 in Polearms
  3027 | D:4      | Identified the +6 halberd "Yqimec" {venom, Str+2 Dex+2}
  3039 | D:4      | Found a transporter.
  3058 | D:4      | Noticed Name63's ghost (novice MiHu)
  3077 | D:4      | Killed an orc warrior
  3089 | D:4      | Your scales start taking on a dull iron-grey colour.
  3089 | D:4      | Reached XP level 7. HP: 47/67 MP: 7/7
  3155 | D:4      | XOM: blink monster(s)
  3155 | D:4      | Noticed Robin
  3181 | D:4      | Killed Robin
  3278 | D:4      | Noticed Edmund
  3278 | D:4      | XOM: 3-stop teleportation journey
  3285 | D:4      | Killed Edmund
  3318 | D:4      | Reached skill level 7 in Polearms
  3339 | D:4      | Found a one-way gate to the infinite horrors of the Abyss.
  3343 | D:4      | Found a corrupted altar of Lugonu.
  3343 | D:4      | XOM: silly message
  3346 | D:4      | XOM: smoke on damage
  3629 | D:4      | Noticed Sigmund
  3636 | D:4      | Killed Sigmund
  3708 | D:4      | XOM: divination: magic mapping
  3719 | D:4      | XOM: 5-stop teleportation journey
  3771 | D:4      | Found a transporter.
  3827 | D:4      | XOM: god gift: Sifuh's Handbook of Transmuted Mortification
                  | {god gift}
  3828 | D:4      | Got Sifuh's Handbook of Transmuted Mortification {god gift}
  3850 | D:4      | XOM: polymorph gnoll -> quokka
  3855 | D:4      | XOM: polymorph gnoll -> rat
  3865 | D:4      | Killed Name63's ghost
  3866 | D:4      | Reached skill level 8 in Polearms
  3866 | D:4      | Reached XP level 8. HP: 53/77 MP: 8/8
  3882 | D:4      | XOM: summons 2 hostile demons
  3899 | D:4      | HP: 5/115 [poisoned by a gnoll]
  3899 | D:4      | Xom revived you
  3904 | D:4      | Reached skill level 9 in Polearms
  3950 | D:4      | XOM: god gift: scroll of teleportation
  4136 | D:4      | XOM: divination: detect items
  4246 | D:5      | Entered Level 5 of the Dungeon
  4247 | D:5      | Found a staircase to the Ecumenical Temple.
  4258 | Temple   | Entered the Ecumenical Temple
  4309 | D:5      | XOM: cloud trail
  4471 | D:5      | Reached skill level 10 in Polearms
  4812 | D:5      | XOM: polymorph hound -> bullfrog
  4839 | D:5      | Found a glowing drain.
  4845 | Sewer    | Entered a sewer
  4923 | Sewer    | Noticed Pargi
  4931 | Sewer    | XOM: enchant monster (good)
  4944 | Sewer    | Killed Pargi
  5555 | D:5      | Reached skill level 11 in Polearms
  5760 | D:6      | Reached XP level 9. HP: 78/82 MP: 9/9
  5932 | D:6      | Found a snail-covered altar of Cheibriados.
  5932 | D:6      | Found an iron altar of Okawaru.
  5932 | D:6      | Found a burning altar of Makhleb.
  5932 | D:6      | XOM: 1-stop teleportation journey
  5942 | D:6      | XOM: confuse monster(s)
  5999 | D:6      | Found a white marble altar of Elyvilon.
  6071 | D:6      | Reached skill level 12 in Polearms
  6163 | D:6      | Found a runed translucent door.
  6164 | D:6      | Noticed Crazy Yiuf
  6211 | D:6      | XOM: god gift: 6 stones
  6267 | D:6      | XOM: enchant monster (good)
  6524 | D:6      | Found a sacrificial altar of Ru.
  6532 | D:6      | Found a hide-covered altar of Uskayaw.
  6645 | D:6      | XOM: cloud trail
  6665 | D:6      | Killed Crazy Yiuf
  6687 | D:6      | XOM: silly message
  6779 | D:7      | Reached skill level 13 in Polearms
  6803 | D:7      | Found Amosed's Book Shop.
  6830 | D:7      | XOM: 3-stop teleportation journey
  7163 | D:7      | XOM: give mutation
  7163 | D:7      | Lost mutation: You have an increased reservoir of magic.
                  | (+10% MP) [Xom's mischief]
  7492 | D:7      | Reached XP level 10. HP: 81/91 MP: 10/10
  7551 | D:8      | XOM: summons 6 hostile demons
  7558 | D:8      | XOM: enchant monster (bad)
  7559 | D:8      | Reached skill level 14 in Polearms
  7560 | D:8      | XOM: butterfly on damage
  7568 | D:8      | HP: 3/136 [red devil/+0 trident[Xom] (18)]
  7574 | D:8      | HP: 1/136 [bullfrog (3)]
  7578 | D:8      | Slain by a bullfrog

Illustrated notes

Levels and vault maps discovered:
D:1:      spicycebolla_arrival_clurvy, layout_loops_cross
D:2:      layout_basic, nicolae_elevator_lobby_asterisk
D:3:      layout_basic, serial_shops, nicolae_shop_behind_doors,
          hangedman_decor_points, grunt_ministairs_12, minmay_splitting_lines
D:4:      layout_gridville, gammafunk_ghost_gnarly_gnolls, dk_noncrumbling_2,
          hex_tiny, amcnicky_altar_lugonu_corruption, uniq_sigmund, uniq_edmund,
          uniq_robin, uniq_blork_the_orc, uniq_duvessa
D:5:      layout_layer_cave, minmay_temple_entry_proselytizer,
          portal_sewer_entry_e
D:6:      layout_basic, minitemple, chequers_temple_overflow_statue_of_worship,
          uniq_crazy_yiuf_cottage
D:7:      layout_basic, serial_shops, nicolae_book_shop_shelving,
          hangedman_abyss_or_decor_passed
D:8:      layout_cave_pools, nicolae_overflow_hallway_of_the_gods, uniq_maggie
Temple:   hellmonk_temple_of_storms

Skill      XL: |  1  2  3  4  5  6  7  8  9 10 |
---------------+-------------------------------+-----
Polearms       | 4 5 6 8 11 13 14 | 14.1
Fighting       | 4 5 6 |  6.0
Dodging        | 3 |  3.0

Action                     |  1- 3 |  4- 6 |  7- 9 | 10-12 || total
---------------------------+-------+-------+-------+-------++-------
  Melee: Spear             |    47 |    51 |   118 |       ||   216
         Tailslap          |     9 |    13 |    26 |     4 ||    52
         War axe           |    19 |    34 |       |       ||    53
         Headbutt          |     1 |    10 |    46 |     5 ||    62
         Punch             |     1 |       |     2 |       ||     3
         Halberd           |       |       |   197 |    40 ||   237
  Throw: Boomerang         |    26 |       |     1 |       ||    27
    Use: Scroll            |       |     8 |     5 |       ||    13
         Potion            |       |       |     5 |     2 ||     7
   Stab: Confused          |     2 |       |     2 |       ||     4
         Petrifying        |       |       |     1 |       ||     1
         Paralysed         |       |       |     3 |       ||     3
         Sleeping          |       |       |     5 |       ||     5
         Petrified         |       |       |     2 |       ||     2
 Armour: Skin              |    25 |    37 |   140 |   107 ||   309
  Dodge: Dodged            |    33 |    46 |   144 |   103 ||   326
  Block: Other             |       |    21 |    33 |       ||    54
         Reflection        |       |     2 |     2 |       ||     4
